 Dungeon Sprint DCSS version 0.30-a0-840-ga523dec638 (webtiles) character file.

Game seed: 5722533660373077126

2125 dialectric the Imperceptible (level 9, -4/47 HPs)
             Began as a Spriggan Brigand on Mar 1, 2023.
             Was an Initiate of Trog.
             Slain by a yak (5 damage)
             ... in the Dungeon (Sprint II: "The Violet Keep of Menkaure").
             The game lasted 00:01:39 (181 turns).

dialectric the Imperceptible (Spriggan Brigand)      Turns: 181, Time: 00:01:40

Health: -4/47      AC:  3    Str:  9    XL:     9   Next: 8%
Magic:  10/10      EV: 20    Int: 12    God:    Trog [......]
Gold:   972        SH:  0    Dex: 19    Spells: 8/8 levels left

rFire   . . .      SeeInvis +    a - +2 dagger
rCold   . . .      Faith    .    (no shield)
rNeg    . . .      Spirit   .    b - +0 robe
rPois   .          Reflect  .    (helmet restricted)
rElec   .          Harm     .    c - +0 cloak
rCorr   .          Rampage  .    (gloves unavailable)
Will    +....      NoTele   +    (boots unavailable)
Stlth   +++++                    (no amulet)
HPRegen 0.27/turn                (no ring)
MPRegen 0.12/turn                (no ring)

@: slow
A: very small, no large weapons, unfitting armour, see invisible, speed 3
a: Renounce Religion


You were in the Dungeon.
You worshipped Trog.
Trog was noncommittal.
You visited 1 branch You collected 972 gold pieces.

Inventory:

Hand Weapons
 a - a +2 dagger (weapon)
Missiles
 d - 5 poisoned darts
 e - 3 curare-tipped darts (quivered)
Armour
 b - a +0 robe (worn)
 c - a +0 cloak (worn)
Scrolls
 k - a scroll of blinking
Potions
 g - a potion of heal wounds
 h - a potion of haste
 i - 2 potions of magic


   Skills:
 + Level 5.1 Fighting
 + Level 7.4 Short Blades
 - Level 8.6 Throwing
 + Level 4.8 Dodging
 + Level 24.3 Stealth


You had 8 spell levels left.
You didn't know any spells.
Your spell library was empty.

Dungeon Overview and Level Annotations

Branches:
Dungeon (1/1)

Altars:
Cheibriados
Dithmenos
Elyvilon
Fedhas
Gozag
Hepliaklqana
Kikubaaqudgha
Makhleb
Nemelex Xobeh
Okawaru
Qazlal
Ru
Sif Muna
Trog
Uskayaw
Vehumet
Wu Jian
Xom
Yredelemnul
Zin
The Shining One
Jiyva
Lugonu

Shops:
D =!


Innate Abilities, Weirdness & Mutations

You are very small and have problems with some larger weapons.
You are too small for most types of armour.
You have supernaturally acute eyesight. (SInv)
You cover ground extremely quickly. (Speed+++)


Message History

There is a net trap here.
d - 5 poisoned darts (gained 1)
The walls and floor vibrate strangely for a moment.
Really walk into that net trap?
Okay, then.
You open the door.
A yak comes into view.
Found 81 gold pieces. 2 yaks come into view.
The walls and floor vibrate strangely for a moment.
The yak bellows!
The yak closely misses you. x2
There is an open door here.
You hit the yak but do no damage. The yak gores you. x2
Unknown command.
There's a creature in the doorway!
You feel yourself speed up.
Really walk into that net trap? [Y]es or [N]o only, please.
Really walk into that net trap?
Okay, then.
You enter the shallow water.
Moving in this stuff is going to be slow.
A polar bear comes into view.
You see here a water moccasin corpse.
A yaktaur and a hornet come into view.
Found 81 gold pieces.
The yak fails to trigger a net trap.
The yak attacks as you move away! The yak gores you but does no damage.
Found 5 stones.
Found seven items.
The yak closely misses you.
The yak fails to trigger a net trap.
Found six items.
Found five items.
The yak fails to trigger a net trap.
The yak attacks as you move away! The yak gores you!
* * * LOW HITPOINT WARNING * * *
You recover from your berserk rage.
A kraken comes into view.
The water moccasin hisses angrily.
The yak gores you.
You die...

#. ## +.### °▓$$)$$($[▓▓
.# .^(# ##▓|?$(((?!▓▓
.#####..# c#▓)(?$!|!$▓▓
..#$.'..# y#▓[$:??$?)▓▓
..#..#..# h#▓?[$??!?)▓▓
..####..##.#▓)$?$!$$$▓▓
..§.###.^§##▓▓▓▓▓▓▓+▓▓▓▓
.§....~~§§~~Y~YY@~~...≈≈
~.§...~#'########+###.≈X
~§~~..~#....._..#S~~#
~~~~~.~#...._._.#~~≈§#
≈§~~~~~#..._._._#~§§§§#
≈≈≈≈§~~#.._._._.#~§S≈§≈
≈≈§§§≈~#._._._._#§~~~~§
≈≈###≈≈#_._._._.#~~~~§§
#≈≈#._._._._#~~§


You could see a kraken (asleep), 3 yaks and 2 water moccasins.

Vanquished Creatures
  2 boulder beetles (D)
  A merfolk siren (D)
  2 water moccasins (D)
  4 scorpions (D)
  4 necrophages (D)
13 creatures vanquished.

Vanquished Creatures (others)
  Menkaure (D)
1 creature vanquished.

Grand Total: 14 creatures vanquished

Notes
Turn   | Place    | Note
-------+----------+-------------------------------------------
     0 | D        | dialectric the Spriggan Brigand began the quest for the
                  | Orb.
     0 | D        | Reached XP level 1. HP: 10/10 MP: 2/2
     1 | D        | Noticed a merfolk siren
    32 | D        | Killed a merfolk siren
    33 | D        | Reached skill level 5 in Throwing
    33 | D        | Reached skill level 17 in Stealth
    33 | D        | Reached XP level 2. HP: 16/16 MP: 3/3
    33 | D        | Reached XP level 3. HP: 20/20 MP: 4/4
    33 | D        | Reached XP level 4. HP: 24/24 MP: 5/5
    33 | D        | Reached XP level 5. HP: 28/28 MP: 6/6
    33 | D        | Reached XP level 6. HP: 32/32 MP: 7/7
    47 | D        | Reached skill level 5 in Short Blades
    47 | D        | Reached skill level 18 in Stealth
    51 | D        | Reached XP level 7. HP: 33/36 MP: 8/8
    58 | D        | Reached skill level 19 in Stealth
    67 | D        | Noticed an orange crystal statue
    70 | D        | Found Ejoi's Jewellery Boutique.
    70 | D        | Found Ahuemin's Distillery.
    81 | D        | Noticed a boulder beetle
    81 | D        | Noticed a boulder beetle
    84 | D        | Killed a boulder beetle
    85 | D        | Reached skill level 22 in Stealth
    85 | D        | Reached XP level 8. HP: 30/42 MP: 9/9
    87 | D        | Killed a boulder beetle
    88 | D        | Reached skill level 23 in Stealth
    97 | D        | Reached skill level 5 in Fighting
   100 | D        | Reached skill level 24 in Stealth
   100 | D        | Reached XP level 9. HP: 36/47 MP: 10/10
   116 | D        | Killed Menkaure
   124 | D        | Found a blossoming altar of Fedhas.
   125 | D        | Found a white marble altar of Elyvilon.
   126 | D        | Found a shadowy altar of Dithmenos.
   126 | D        | Found a corrupted altar of Lugonu.
   126 | D        | Found an opulent altar of Gozag.
   126 | D        | Found a burning altar of Makhleb.
   127 | D        | Found a snail-covered altar of Cheibriados.
   127 | D        | Found an ancient bone altar of Kikubaaqudgha.
   127 | D        | Found a bloodstained altar of Trog.
   128 | D        | Found a viscous altar of Jiyva.
   128 | D        | Found a shimmering blue altar of Sif Muna.
   129 | D        | Found a hazy altar of Hepliaklqana.
   129 | D        | Found a sacrificial altar of Ru.
   130 | D        | Found a shimmering altar of Xom.
   133 | D        | Found a stormy altar of Qazlal.
   133 | D        | Found an ornate altar of the Wu Jian Council.
   133 | D        | Found a sparkling altar of Nemelex Xobeh.
   133 | D        | Found a hide-covered altar of Uskayaw.
   133 | D        | Found a basalt altar of Yredelemnul.
   133 | D        | Found a glowing golden altar of the Shining One.
   146 | D        | Found a radiant altar of Vehumet.
   146 | D        | Found an iron altar of Okawaru.
   146 | D        | Found a glowing silver altar of Zin.
   152 | D        | Became a worshipper of Trog the Wrathful
   173 | D        | Noticed a polar bear
   174 | D        | Noticed a yaktaur
   179 | D        | HP: 1/47 [yak (17)]
   181 | D        | Noticed a kraken
   181 | D        | Slain by a yak

Illustrated notes

Levels and vault maps discovered:
D:        the_violet_keep_of_menkaure [sprint2_stairs_cluster_1,
          sprint2_shoproom, sprint2_temple, sprint2_basic_supplies,
          sprint2_obstacle_1, sprint2_obstacle_2, sprint2_obstacle_4,
          sprint2_obstacle_3, sprint2_obstacle_7, sprint2_timed_cluster_1,
          sprint2_smallroom_cluster_1, sprint2_smallroom_final_cluster_1,
          sprint2_transparent_cluster_1, sprint2_second_timed_cluster_1,
          sprint2_sniper_area_1, sprint2_heavy_combat_area_1,
          sprint2_mutation_trap_area_1, sprint2_forest_area_1,
          sprint2_light_combat_area_1, sprint2_behind_water_1,
          sprint2_near_end_vault_1]

Skill      XL: |  1  2  3  4  5  6  7  8 |
---------------+-------------------------+-----
Fighting       | 3 4 5 |  5.1
Short Blades   | 4 5 6 7 |  7.4
Throwing       | 5 6 7 8 |  8.6
Dodging        | 2 3 4 |  4.8
Stealth        | 17 18 22 24 | 24.3

Action                     |  1- 3 |  4- 6 |  7- 9 || total
---------------------------+-------+-------+-------++-------
  Melee: Dagger            |    21 |     3 |    27 ||    51
         Punch             |     1 |       |       ||     1
  Throw: Dart              |     8 |       |     9 ||    17
    Use: Potion            |       |       |     2 ||     2
   Stab: Sleeping          |       |     3 |     6 ||     9
 Armour: Robe              |       |       |     1 ||     1
  Dodge: Dodged            |     4 |     1 |    17 ||    22

Table legend: (Time is in decaauts)
 A = Elapsed time spent in this place.
 B = Non-inter-level travel time spent in this place.
 C = Inter-level travel time spent in this place.
 D = Time resting spent in this place.
 E = Time spent auto-exploring this place.
 F = Levels seen in this place.
 G = Mean time per level.
                   A        B        C        D        E       F      G
               +--------+--------+--------+--------+--------+-----+--------+
         Total |    142 |    142 |      0 |      0 |      0 |   1 |  142.0 |
       Dungeon |    142 |    142 |      0 |      0 |      0 |   1 |  142.0 |
               +--------+--------+--------+--------+--------+-----+--------+

Top non-repeatable levels by time:
       D: 142 daAuts
